 Dungeon Crawl Stone Soup version 0.23.2-33-g5129a83184 (webtiles) character file.

Game seed: 6938431492566991621

10470 Folque the Geomancer (level 11, -2/89 HPs)
             Began as a White Draconian Earth Elementalist on July 19, 2019.
             Was an Elder of Sif Muna.
             Slain by a yak (4 damage)
             ... on level 3 of the Lair of Beasts.
             The game lasted 00:39:13 (11054 turns).

Folque the Geomancer (DrEE)                        Turns: 11054, Time: 00:39:13

Health: -2/89      AC:  9    Str: 11    XL:     11   Next: 36%
Magic:  1/17       EV: 13    Int: 23    God:    Sif Muna [****..]
Gold:   616        SH:  0    Dex: 11    Spells: 3/18 levels left

rFire    . . .     SeeInvis .   D - +2 war axe "Bavaligg" {holy, *Noise rC+ Int+4}
rCold    + + .     Gourm    .   (no shield)
rNeg     . . .     Faith    .   (armour unavailable)
rPois    .         Spirit   .   (helmet restricted)
rElec    .         Reflect  .   (no cloak)
rCorr    .         Harm     .   m - +0 pair of gloves
MR       .....                  p - +0 pair of boots (curse)
Stlth    +++.......             (no amulet)
HPRegen  0.24/turn              (no ring)
MPRegen  0.15/turn              (no ring)

@: about to teleport, divine energy
A: breathe frost, unfitting armour, cold resistance 1, cold-blooded, AC +7
a: Breathe Frost, Stop Divine Energy, Channel Magic, Forget Spell, Renounce
Religion


You were on level 3 of the Lair of Beasts.
You worshipped Sif Muna.
Sif Muna was greatly pleased with you.
You were hungry.

You visited 3 branches of the dungeon, and saw 13 of its levels.

You collected 628 gold pieces.
You spent 12 gold pieces at shops.

Inventory:

Hand Weapons
 e - a +2 short sword of flaming
 h - a +1 short sword of venom
 u - a +0 long sword
 y - a cursed +2 falchion
 D - the +2 war axe "Bavaligg" (weapon) {holy, *Noise rC+ Int+4}
   (You took it off an orc on level 8 of the Dungeon)

   It has been blessed by the Shining One to cause great damage to the undead
   and demons.
   It affects your intelligence (+4).
   It protects you from cold.
   It may make noises in combat.
Missiles
 t - 7 steel javelins (quivered)
Armour
 m - a +0 pair of gloves (worn)
 p - a cursed +0 pair of boots (worn)
 r - a +0 pair of boots
Jewellery
 n - an uncursed ring of ice {unknown}
 E - an uncursed ring of positive energy {unknown}
 F - an uncursed ring of magical power
 G - an uncursed ring of stealth {unknown}
Wands
 i - a wand of acid (2)
 H - a wand of digging (7)
 I - a wand of polymorph (9)
 K - a wand of disintegration (20)
Scrolls
 a - 3 scrolls of blinking {unknown}
 d - 2 scrolls of teleportation
 g - a scroll of remove curse
 k - 3 scrolls of immolation {unknown}
 l - 4 scrolls of magic mapping {unknown}
 o - 2 scrolls of amnesia {unknown}
 q - 10 scrolls of identify
 v - a scroll of enchant weapon {unknown}
 w - a scroll of brand weapon {unknown}
 x - a scroll of fear {unknown}
 M - a scroll of noise {unknown}
Potions
 f - 2 potions of flight
 j - 2 potions of agility
 z - 3 potions of might
 B - 2 potions of haste
 C - 2 potions of brilliance {unknown}
 J - a potion of heal wounds {unknown}
 L - 2 potions of invisibility {unknown}
Comestibles
 c - 11 rations


   Skills:
 + Level 5.8 Fighting
 - Level 4.3 Short Blades
 - Level 3.2 Throwing
 - Level 3.0 Dodging
 - Level 6.0 Stealth
 - Level 4.2 Spellcasting
 * Level 5.3 Conjurations
 * Level 7.6 Transmutations
 - Level 11.1 Earth Magic


You had 3 spell levels left.
You knew the following spells:

 Your Spells              Type           Power        Failure   Level  Hunger
a - Sandblast             Erth           ######       1%          1    None
b - Passwall              Tmut/Erth      #####...     1%          2    #......
c - Stone Arrow           Conj/Erth      #####.       1%          3    ##.....
d - Lee's Rapid Deconstr  Erth           ######....   3%          5    ######.
e - Petrify               Tmut/Erth      #####...     2%          4    ####...

Your spell library contained the following spells:

 Spells                   Type           Power        Failure   Level  Hunger


Dungeon Overview and Level Annotations

Branches:
Dungeon (9/15)             Temple (1/1) D:5            Lair (3/6) D:9
 Shoals (0/4) Lair:3
  Snake: Lair:2-4    Spider: Lair:2-4       Orc: D:9-12

Altars:
Ashenzari
Cheibriados
Dithmenos
Elyvilon
Fedhas
Gozag
Hepliaklqana
Kikubaaqudgha
Makhleb
Nemelex Xobeh
Okawaru
Qazlal
Ru
Sif Muna
Trog
Uskayaw
Vehumet
Wu Jian
Xom
Yredelemnul
Zin
The Shining One

Shops:
D:6 !   D:8 *

Annotations:
D:8 exclusion: oklob plant
Lair:1 2 transporters
Lair:2 1 transporter, Curus's ghost, adept MiBe


Innate Abilities, Weirdness & Mutations

You can breathe waves of freezing cold.
You can buffet flying creatures when you breathe cold.
Your icy white scales are hard. (AC +7)
You cannot fit into any form of body armour.
Your flesh is cold resistant. (rC+)
You are cold-blooded and may be slowed by cold attacks.


Message History

You regain access to your magic.
The water moccasin bites the plant but does no damage.
The centaur completely misses you. The centaur hits you.
* * * LOW HITPOINT WARNING * * *
The yak gores the plant!
The yak gores the plant but does no damage.
The water moccasin bites the plant but does no damage.
The yak gores you.
* * * LOW HITPOINT WARNING * * *
The centaur hits you but does no damage.
The yak barely misses you.
As you read the scroll of teleportation, it crumbles to dust.
You feel strangely unstable.
The centaur hits you but does no damage.
The water moccasin bites the plant but does no damage.
The centaur hits you.
* * * LOW HITPOINT WARNING * * *
The centaur completely misses you.
The yak gores the plant.
The yak gores something!
The yak gores you.
You die...

.#.#..##.((##...#.###..
.........(###.....# #.#.
........(..###Y..## #..
.....P....P#.....### ##.
.......P..####...#.# #.
...)..PP..####Y..#.####.
P..)P§§SY###.Y..........
P.>.P§cPcY##.Y..........
...P.§Y@P#..Y...........
.....§§§Y...............
PP.P§.§PY.####..........
P..P§P...## #P..........
.....P...# ##..........
..PP...... ...........
.......... .....
...........


You could see 5 yaks, a water moccasin and 2 centaurs.

Vanquished Creatures
  A hydra (Lair:2)
  Erica (Lair:1)
  Pikel (D:5)
  A black mamba (Lair:2)
  3 spiny frogs (Lair:2)
  A komodo dragon (D:9)
  A hornet (D:8)
  4 blink frogs (Lair:1)
  A hippogriff (Lair:2)
  3 yaks (Lair:1)
  2 wyverns
  A hungry ghost (D:7)
  Menkaure (D:6)
  3 water moccasins
  5 porcupines
  A sky beast (D:7)
  2 orc warriors (D:8)
  3 ice beasts
  A slave (D:5)
  2 black bears
  4 ogres
  2 phantoms
  2 wolves (Lair:1)
  6 centaurs
  4 crocodiles
  7 bullfrogs
  A scorpion (D:4)
  3 wights (D:6)
  3 electric eels (D:9)
  6 howler monkeys
  2 crimson imps
  A bullfrog zombie (D:7)
  2 centaur zombies
  2 hounds
  7 orc priests
  2 bullfrog skeletons
  9 orc wizards
  7 worker ants
  A hound zombie (D:7)
  A hound skeleton (D:4)
  2 worker ant zombies
  A gnoll (D:1)
  10 adders
  A river rat (D:6)
  2 shadow imps
  2 oozes (D:5)
  3 worms
  3 dart slugs (D:1)
  3 leopard geckos
  33 orcs
  A ball python (D:1)
  6 giant cockroaches
  7 goblins
  6 hobgoblins
  11 jackals
  3 quokkas
  6 bats
  8 frilled lizards
  A giant cockroach zombie (D:5)
  7 kobolds
  2 leopard gecko skeletons
  11 rats
239 creatures vanquished.

Vanquished Creatures (others)
  A slave (D:6)
  A ball python (D:6)
  A bush (D:8)
  2 plants
5 creatures vanquished.

Grand Total: 244 creatures vanquished

Notes
Turn   | Place    | Note
-------+----------+-------------------------------------------
     0 | D:1      | Folque the Draconian Earth Elementalist began the quest for
                  | the Orb.
     0 | D:1      | Reached XP level 1. HP: 14/14 MP: 3/3
   111 | D:1      | Reached skill level 1 in Fighting
   123 | D:1      | Reached XP level 2. HP: 22/23 MP: 5/5
   343 | D:1      | Reached XP level 3. HP: 26/29 MP: 6/6
   469 | D:1      | Found a hide-covered altar of Uskayaw.
   775 | D:2      | Learned a level 2 spell: Passwall
   780 | D:2      | Learned a level 3 spell: Stone Arrow
   827 | D:2      | Reached XP level 4. HP: 30/36 MP: 8/8
   914 | D:2      | You fall through a shaft!
  1029 | D:3      | Reached skill level 1 in Conjurations
  1342 | D:3      | Reached XP level 5. HP: 41/41 MP: 9/9
  1451 | D:3      | Reached skill level 4 in Earth Magic
  1789 | D:4      | Learned a level 5 spell: Lee's Rapid Deconstruction
  1883 | D:4      | Reached XP level 6. HP: 39/48 MP: 1/11
  2651 | D:5      | Entered Level 5 of the Dungeon
  2713 | D:5      | Reached skill level 5 in Earth Magic
  2865 | D:5      | Found a staircase to the Ecumenical Temple.
  2871 | Temple   | Entered the Ecumenical Temple
  2893 | Temple   | Became a worshipper of Sif Muna the Loreminder
  3050 | D:5      | Your scales start taking on an icy white colour.
  3050 | D:5      | Reached XP level 7. HP: 35/55 MP: 1/13
  3050 | D:5      | Gained mutation: Your flesh is cold resistant. (rC+) [White
                  | Draconian growth]
  3557 | D:6      | Noticed Menkaure
  3560 | D:6      | Killed Menkaure
  3560 | D:6      | Reached skill level 6 in Earth Magic
  3563 | D:6      | Found Eliry's Distillery.
  3742 | D:6      | Noticed Pikel
  3832 | D:6      | Bought a potion of degeneration for 12 gold pieces
  4080 | D:5      | Killed Pikel
  4080 | D:5      | Reached * piety under Sif Muna
  4080 | D:5      | Reached skill level 5 in Conjurations
  4080 | D:5      | Reached skill level 8 in Earth Magic
  4080 | D:5      | Reached XP level 8. HP: 37/61 MP: 1/14
  4087 | D:5      | Learned a level 4 spell: Petrify
  4918 | D:6      | Reached ** piety under Sif Muna
  5069 | D:7      | Reached XP level 9. HP: 67/67 MP: 12/15
  5425 | D:7      | Reached skill level 5 in Transmutations
  5778 | D:8      | Reached skill level 1 in Short Blades
  5814 | D:8      | Identified the +2 war axe "Bavaligg" {holy, *Noise rC+
                  | Int+4}
  5861 | D:8      | Noticed an oklob plant
  5939 | D:8      | Reached skill level 9 in Earth Magic
  6277 | D:8      | Found a radiant altar of Vehumet.
  6599 | D:8      | Reached *** piety under Sif Muna
  6813 | D:8      | Found a glowing golden altar of the Shining One.
  6873 | D:8      | Reached skill level 5 in Stealth
  7320 | D:8      | Reached XP level 10. HP: 73/73 MP: 1/16
  7417 | D:8      | Found Sysuikie's General Store.
  7626 | D:9      | Reached skill level 1 in Throwing
  8025 | D:9      | Found a staircase to the Lair.
  8451 | Lair:1   | Entered Level 1 of the Lair of Beasts
  8516 | Lair:1   | Reached skill level 10 in Earth Magic
  8768 | Lair:1   | Found a transporter.
  9380 | Lair:1   | Noticed Erica
  9432 | Lair:1   | Killed Erica
  9774 | Lair:1   | Reached XP level 11. HP: 85/85 MP: 3/17
 10016 | Lair:1   | Found a transporter.
 10025 | Lair:1   | Found a glowing silver altar of Zin.
 10217 | Lair:2   | Reached skill level 5 in Fighting
 10222 | Lair:2   | Found an ornate altar of the Wu Jian Council.
 10242 | Lair:2   | Reached **** piety under Sif Muna
 10256 | Lair:2   | Reached skill level 11 in Earth Magic
 10479 | Lair:2   | Noticed Curus's ghost (adept MiBe)
 10488 | Lair:2   | Noticed a seven-headed hydra
 10489 | Lair:2   | Found a transporter.
 10511 | Lair:2   | Killed a seven-headed hydra
 11015 | Lair:3   | Found a staircase to the Shoals.
 11053 | Lair:3   | HP: 4/89 [yak (2)]
 11054 | Lair:3   | Slain by a yak

Skill      XL: |  1  2  3  4  5  6  7  8  9 10 11 |
---------------+----------------------------------+-----
Fighting       | 1 2 4 5 |  5.8
Spellcasting   | 3 4 |  4.2
Conjurations   | 1 3 5 |  5.3
Earth Magic    | 4 5 8 9 10 11 | 11.1
Dodging        | 3 |  3.0
Transmutations | 4 5 6 7 |  7.6
Stealth        | 2 5 6 |  6.0
Short Blades   | 4 |  4.3
Throwing       | 3 |  3.2

Action                   |  1- 3 |  4- 6 |  7- 9 | 10-12 || total
-------------------------+-------+-------+-------+-------++-------
Melee: Unarmed           |    20 |       |       |       ||    20
       Short sword       |    70 |   123 |   213 |    21 ||   427
       Tailslap          |     6 |    11 |    36 |     7 ||    60
       War axe           |       |       |    43 |    56 ||    99
Throw: Javelin           |       |       |       |     1 ||     1
 Cast: Sandblast         |    11 |    21 |    57 |    37 ||   126
       Stone Arrow       |       |    25 |    51 |    55 ||   131
       Passwall          |       |     2 |     1 |       ||     3
       Lee's Rapid Decon |       |       |     9 |    12 ||    21
       Petrify           |       |       |    19 |    16 ||    35
Invok: Divine Energy     |       |       |     1 |       ||     1
 Abil: Breathe Frost     |       |       |     1 |       ||     1
Evoke: Wand              |       |       |       |     5 ||     5
  Use: Potion            |       |     2 |       |     7 ||     9
       Scroll            |       |     1 |     6 |     2 ||     9
 Stab: Sleeping          |     1 |     4 |     2 |       ||     7
       Petrified         |       |       |    32 |    19 ||    51
       Petrifying        |       |       |     1 |       ||     1
  Eat: Chunk             |       |     5 |    15 |    14 ||    34
       Ration            |       |     1 |     3 |     2 ||     6
Armor: Skin              |    36 |    41 |   129 |    95 ||   301
Dodge: Dodged            |    77 |    87 |   268 |   110 ||   542
